 Dungeon Crawl Stone Soup version 0.26-a0-487-gbff1e92059 (webtiles) character file.

Game seed: 4388705126306689932

130 Infinimo the Firebug (level 4, 0/25 HPs)
             Began as a Deep Elf Fire Elementalist on Aug 2, 2020.
             Killed from afar by an orc wizard (3 damage)
             ... with a magic dart
             ... on level 3 of the Dungeon.
             The game lasted 00:03:40 (3519 turns).

Infinimo the Firebug (Deep Elf Fire Elementalist)   Turns: 3519, Time: 00:03:40

Health: 0/25       AC:  2    Str:  5    XL:     4   Next: 90%
Magic:  4/11       EV: 13    Int: 21    God:
Gold:   57         SH:  0    Dex: 15    Spells: 5/10 levels left

rFire    . . .     SeeInvis .   n - +3 dagger (protect)
rCold    . . .     Faith    .   (no shield)
rNeg     . . .     Spirit   .   a - +0 robe
rPois    .         Reflect  .   (no helmet)
rElec    .         Harm     .   (no cloak)
rCorr    .                      (no gloves)
MR       .....                  (no boots)
Stlth    +.........             (no amulet)
HPRegen  0.08/turn              (no ring)
MPRegen  0.12/turn              (no ring)

@: confused
A: no striking features
a: no special abilities


You were on level 3 of the Dungeon.
You visited 1 branch of the dungeon, and saw 3 of its levels.

You collected 57 gold pieces.

Inventory:

Hand Weapons
 n - a +3 dagger of protection (weapon)
Armour
 a - a +0 robe (worn)
Scrolls
 c - a scroll of enchant weapon {unknown}
 f - 4 scrolls of remove curse
 j - 2 scrolls of amnesia
Potions
 b - a potion of heal wounds
 d - 2 potions of ambrosia
 g - a potion of mutation {unknown}
 h - a potion of cancellation {unknown}
 i - a potion of stabbing
 m - 2 potions of curing {unknown}


   Skills:
 + Level 1.3 Fighting
 - Level 2.4 Dodging
 - Level 2.4 Stealth
 + Level 3.9 Spellcasting
 * Level 3.1 Conjurations
 * Level 4.4 Fire Magic


You had 5 spell levels left.
You knew the following spells:

 Your Spells              Type           Power        Failure   Level
a - Foxfire               Conj/Fire      ###.         2%          1
b - Sticky Flame          Conj/Fire      ###.....     26%         4

Your spell library contained the following spells:

 Spells                   Type           Power        Failure   Level
 Conjure Flame            Conj/Fire      ###.....     8%          3
 Corona                   Hex            #......      12%         1
 Inner Flame              Hex/Fire       ##......     14%         3
 Ensorcelled Hibernation  Hex/Ice        #.....       19%         2
 Dazzling Flash           Conj/Hex       ##....       19%         3
 Confusing Touch          Hex            #.......     36%         3
 Tukima's Dance           Hex            #.......     36%         3
 Fireball                 Conj/Fire      ###.......   56%         5


Dungeon Overview and Level Annotations

Branches:
Dungeon (3/15)

Altars:
Elyvilon

Annotations:
D:3 2 transporters


Message History

The orc wizard is lightly wounded.
The foxfire hits the orc wizard.
The orc wizard is heavily wounded.
The orc priest looks satisfied for a moment.
Casting: Foxfire (safe; 2% risk of failure)
Confirm with . or Enter, or press ? or * to list all spells.
You conjure some foxfire!
The orc wizard casts a spell at you.
You are confused.
The orc priest casts a cantrip, but nothing happens.
The foxfire hits the orc wizard.
The orc wizard is severely wounded.
The foxfire hits the orc wizard but does no damage.
The orc wizard is severely wounded.
The orc wizard gestures at you while chanting.
The puff of flame hits you!
* * * LOW HITPOINT WARNING * * *
The orc wizard gestures at you while chanting.
The magic dart hits you.
You die...

.##8Oy...8##.#....#.#.#.#.###....
.#.........#.#.............##....
.#..#.©.#..#.#....#.#.#.#...+....
.#.#.....#.#..............###....
.#........©#.)##...###.$.......#.
.#.#.....#O#..########..##.#####.
.#..#...#.T#....o........#...,,..
.#..?)$/!.y#..o######,......#**##
.##8$[_.$8##.#..@.<#*,,....,** *
..#########..#######*,,,,,,,,* *
#.....©......,,,,,,,,,,,,,,*,** *
*##..........,,*****,,,,,,,*,,***
*,,,..†....,,* *,,,,,,,*,,,,,
###.,,.......,,* *,*,,,*,*,,***
....,,,,,,,,,,,* *,***,*,*,,,**
....,,*,,,,,,*,* *,,,*,*,*,*,**
....,*****,***,** ***,*,*,*,*,**


You could see a troll, an ogre, a killer bee and an orc wizard.

Vanquished Creatures
  6 adders
  2 worms
  A dart slug (D:1)
  3 leopard geckos
  5 orcs
  A ball python (D:2)
  6 bats
  2 giant cockroaches (D:1)
  4 goblins
  6 hobgoblins
  10 jackals
  2 frilled lizards
  5 kobolds
  4 rats
57 creatures vanquished.

Vanquished Creatures (others)
  222 foxfires
222 creatures vanquished.

Grand Total: 279 creatures vanquished

Notes
Turn   | Place    | Note
-------+----------+-------------------------------------------
     0 | D:1      | Infinimo the Deep Elf Fire Elementalist began the quest for
                  | the Orb.
     0 | D:1      | Reached XP level 1. HP: 10/10 MP: 6/6
   505 | D:1      | Reached XP level 2. HP: 15/15 MP: 6/8
  1422 | D:2      | Reached XP level 3. HP: 20/20 MP: 3/9
  1855 | D:2      | Reached skill level 4 in Fire Magic
  1900 | D:2      | Found a faded altar of an unknown god.
  2000 | D:2      | Reached XP level 4. HP: 21/24 MP: 7/11
  2323 | D:2      | Reached skill level 1 in Fighting
  2575 | D:3      | Found a white marble altar of Elyvilon.
  2575 | D:3      | Found a transporter.
  2576 | D:3      | Noticed an ogre
  2576 | D:3      | Noticed a troll
  2685 | D:3      | Found a transporter.
  3477 | D:2      | Learned a level 4 spell: Sticky Flame
  3519 | D:3      | Killed from afar by an orc wizard

Illustrated notes

Levels and vault maps discovered:
D:1:      lightli_arrival_statuegarden, layout_basic, bh_walls_and_bars
D:2:      layout_basic, chequers_ecumenical_altar_simple
D:3:      layout_basic, gammafunk_temple_overflow_arena, serial_glass,
          glass_columns_c, glass_columns_c, glass_columns_b, glass_columns_b,
          glass_columns_a, glass_columns_a, uniq_natasha

Skill      XL: |  1  2  3  4 |
---------------+-------------+-----
Conjurations   | 2 3 |  3.1
Fire Magic     | 4 |  4.4
Fighting       | 1 |  1.3
Dodging        | |  2.4
Stealth        | |  2.4
Spellcasting   | |  3.9

Action                   |  1- 3 |  4- 6 || total
-------------------------+-------+-------++-------
 Cast: Foxfire           |    87 |    55 ||   142
  Use: Scroll            |       |     9 ||     9
Armor: Robe              |     4 |     4 ||     8
Dodge: Dodged            |    19 |    15 ||    34
       Rpst.: Scimitar   |     2 |       ||     2

Table legend: (Time is in decaauts)
 A = Elapsed time spent in this place.
 B = Non-inter-level travel time spent in this place.
 C = Inter-level travel time spent in this place.
 D = Time resting spent in this place.
 E = Time spent auto-exploring this place.
 F = Levels seen in this place.
 G = Mean time per level.
                   A        B        C        D        E       F      G
               +--------+--------+--------+--------+--------+-----+--------+
         Total |   3518 |   3409 |    109 |      0 |   2899 |   3 | 1172.7 |
       Dungeon |   3518 |   3409 |    109 |      0 |   2899 |   3 | 1172.7 |
               +--------+--------+--------+--------+--------+-----+--------+

Top non-repeatable levels by time:
     D:1: 1388 daAuts
     D:2: 1235 daAuts
     D:3: 895 daAuts
